[Event "December 19 Early 2023"]
[Site "https://www.chess.com"]
[Date "2023.12.19"]
[Round "5"]
[White "Maksimovic, Bojan"]
[Black "Korobov, Anton"]
[Result "0-1"]
[Board "5"]
[TimeControl "180+1"]
[WhiteFideId "14408120"]
[BlackFideId "14105730"]
[WhiteElo "2527"]
[BlackElo "2649"]
[WhiteTeam "BIH"]
[BlackTeam "UKR"]
[WhiteClock "0:00:01"]
[BlackClock "0:01:09"]

1. Nf3 d5 2. g3 c6 3. Bg2 Bg4 4. h3 Bh5 5. O-O Nd7 6. d4 e6 7. c4 Bd6 8. cxd5 exd5 9. Nh4 Ne7 10. Nc3 O-O 11. g4 Bg6 12. f4 f5 13. e3 Nf6 14. Bd2 Qd7 15. Nxg6 hxg6 16. g5 Ne4 17. Nxe4 fxe4 18. Qg4 Nf5 19. h4 Kf7 20. h5 Rh8 21. hxg6+ Kxg6 22. Kf2 Rh4 23. Qe2 Re8 24. Rh1 Bxf4 25. Rxh4 Bg3+ 26. Kg1 Nxh4 27. Rf1 Kxg5 28. Rf4 Bxf4 29. exf4+ Kf6 30. Qh5 Nxg2 31. f5 e3 32. Bb4 Qxf5 33. Qxe8 Qf2+ 34. Kh1 Nf4 35. Be7+ Kf5 36. Qf7+ Ke4 37. Qxf4+ Kxf4 0-1

[Event "December 19 Early 2023"]
[Site "https://www.chess.com"]
[Date "2023.12.19"]
[Round "5"]
[White "Ter-Sahakyan, Samvel"]
[Black "Bortnyk, Olexandr"]
[Result "0-1"]
[Board "6"]
[TimeControl "180+1"]
[WhiteFideId "13302531"]
[BlackFideId "14120828"]
[WhiteElo "2556"]
[BlackElo "2731"]
[WhiteTeam "ARM"]
[BlackTeam "UKR"]
[WhiteClock "0:00:00"]
[BlackClock "0:00:07"]

1. d4 Nf6 2. c4 b6 3. Nc3 Bb7 4. Qc2 d5 5. cxd5 Nxd5 6. e4 Nxc3 7. bxc3 e5 8. Bb5+ Nd7 9. Nf3 exd4 10. O-O a6 11. Bxd7+ Qxd7 12. cxd4 Bd6 13. d5 f6 14. Bb2 O-O 15. Nd4 Rfe8 16. Rfe1 Rac8 17. Rad1 Qg4 18. Nf5 Qf4 19. Nxd6 cxd6 20. Qd3 b5 21. a4 Rc4 22. axb5 axb5 23. f3 Rec8 24. Qd2 Qxd2 25. Rxd2 b4 26. Kf2 Kf7 27. Ra1 R8c7 28. Ra7 g6 29. Ke3 f5 30. e5 f4+ 31. Ke2 dxe5 32. Bxe5 Re7 33. Kf2 Rd7 34. h4 b3 35. g3 Rc2 36. Rxc2 fxg3+ 37. Kxg3 bxc2 38. Bf4 Kf6 39. d6 Ke6 40. Kf2 Rf7 41. Bg5 Rxf3+ 42. Ke2 Rb3 43. Ra1 Rb1 44. Ra7 Kxd6 45. Bf4+ Kc6 0-1

[Event "December 19 Early 2023"]
[Site "https://www.chess.com"]
[Date "2023.12.19"]
[Round "5"]
[White "Drygalov, Sergey"]
[Black "Garcia Ramos, Daniel"]
[Result "1-0"]
[Board "7"]
[TimeControl "180+1"]
[WhiteFideId "24171743"]
[BlackFideId "32010311"]
[WhiteElo "2504"]
[BlackElo "2363"]
[WhiteTeam "RUS"]
[BlackTeam "ESP"]
[WhiteClock "0:01:01"]
[BlackClock "0:00:00"]

1. d4 d5 2. c4 e6 3. Nf3 Nf6 4. Nc3 c5 5. e3 dxc4 6. Bxc4 a6 7. O-O b5 8. Bd3 Bb7 9. Qe2 Nbd7 10. Rd1 Qb6 11. a4 b4 12. Nb1 Be7 13. Nbd2 O-O 14. Nc4 Qc7 15. e4 cxd4 16. e5 Ng4 17. Bf4 f6 18. exf6 Qxf4 19. Qxe6+ Rf7 20. fxe7 Bxf3 21. e8=Q+ Rxe8 22. Qxe8+ Nf8 23. g3 Qh6 24. h4 Bxd1 25. Rxd1 Nxf2 26. Ne5 Rf6 27. Bc4+ Kh8 28. Nf7+ Rxf7 29. Qxf7 Nh3+ 30. Kh2 1-0

[Event "December 19 Early 2023"]
[Site "https://www.chess.com"]
[Date "2023.12.19"]
[Round "5"]
[White "Truskavetsky, Alexandr"]
[Black "Haug, Havard"]
[Result "1/2-1/2"]
[Board "8"]
[TimeControl "180+1"]
[WhiteFideId "14108577"]
[BlackFideId "1547887"]
[WhiteElo "2210"]
[BlackElo "2343"]
[WhiteTeam "RUS"]
[BlackTeam "NOR"]
[WhiteClock "0:00:19"]
[BlackClock "0:00:05"]

1. d4 d5 2. c4 e6 3. Nc3 c5 4. cxd5 cxd4 5. Qxd4 Nc6 6. Qd1 exd5 7. Qxd5 Bd6 8. Nf3 Nf6 9. Qd1 O-O 10. g3 Qe7 11. Bg2 Rd8 12. Qa4 Bf5 13. O-O Rac8 14. Bg5 Qe6 15. Rfe1 h6 16. Bxf6 Qxf6 17. e4 Be6 18. Rad1 Ne5 19. Nxe5 Bxe5 20. Nd5 Bxd5 21. exd5 Bxb2 22. Qxa7 Rc7 23. Qe3 Rcd7 24. a4 Bc3 25. Re2 Ba5 26. Rb1 b6 27. Rc1 h5 28. h4 g6 29. Qh6 Re7 30. Rec2 Bb4 31. Rc6 Qb2 32. d6 Red7 33. Bd5 Qg7 34. Qxg7+ Kxg7 35. Rxb6 Bxd6 36. Bf3 Bf8 37. a5 Rd2 38. a6 Ra2 39. Rc7 Rdd2 40. a7 Rxa7 41. Rxa7 Bc5 42. Rbb7 Bxf2+ 43. Kh1 Bxa7 44. Rxa7 Rc2 45. Bd5 Rf2 46. Kg1 Rf5 47. Bc4 Rf6 48. Kg2 Kf8 49. Rc7 Rf5 50. Bd3 Rf6 51. Be4 Re6 52. Kf3 Rf6+ 53. Ke3 Kg7 54. Bd5 Rf1 55. Bf3 Kf8 56. Kf4 Rf2 57. Rc3 Rd2 58. Re3 Kg7 59. Rc3 Rd4+ 60. Ke5 Rd8 61. Bd5 f6+ 62. Kd4 g5 63. Ke4 Kg6 64. Rc7 Re8+ 65. Kd4 Rd8 66. Kc4 Kf5 67. Rh7 Kg4 68. hxg5 fxg5 69. Bf7 h4 70. gxh4 gxh4 71. Be6+ Kg3 72. Rg7+ Kf4 73. Rg4+ Ke5 74. Bf7 Rf8 75. Bh5 h3 76. Rg1 Rf4+ 77. Kd3 h2 78. Rh1 Rh4 79. Bf3 Kf4 80. Ke2 Kg3 81. Rc1 Rb4 82. Bh1 Rb2+ 83. Ke3 Rb3+ 84. Ke4 Rb4+ 85. Kd5 Kf2 86. Ke5 Rg4 87. Be4 Rg1 88. Rc2+ Kg3 89. Rc3+ Kh4 90. Rc8 Re1 91. Rh8+ Kg3 92. Kd4 Re2 93. Rg8+ Kf4 94. Rf8+ Kg3 95. Kd3 Re1 96. Rg8+ Kf4 97. Rf8+ Kg3 98. Rh8 Kf4 99. Rxh2 Re3+ 100. Kd2 Rxe4 101. Rh4+ Ke5 102. Rxe4+ Kxe4 1/2-1/2

[Event "December 19 Early 2023"]
[Site "https://www.chess.com"]
[Date "2023.12.19"]
[Round "5"]
[White "Bernadskiy, Vitaliy"]
[Black "Nakamura, Hikaru"]
[Result "0-1"]
[Board "9"]
[TimeControl "180+1"]
[WhiteFideId "14100371"]
[BlackFideId "2016192"]
[WhiteElo "2494"]
[BlackElo "2874"]
[WhiteTeam "UKR"]
[BlackTeam "USA"]
[WhiteClock "0:00:55"]
[BlackClock "0:01:49"]

1. e4 e6 2. d3 d5 3. Nd2 g6 4. g3 Bg7 5. Bg2 c5 6. Ngf3 Nc6 7. O-O Nf6 8. exd5 Nxd5 9. Nb3 b6 10. c4 Nde7 11. d4 Ba6 12. dxc5 Bxc4 13. Re1 Qxd1 14. Rxd1 Bd5 15. Ng5 O-O 16. Ne4 Nf5 17. Nd6 Bxg2 18. Nxf5 Bf3 19. Rd3 Be4 0-1

[Event "December 19 Early 2023"]
[Site "https://www.chess.com"]
[Date "2023.12.19"]
[Round "5"]
[White "Klymchuk, Andriy"]
[Black "Naroditsky, Daniel"]
[Result "0-1"]
[Board "10"]
[TimeControl "180+1"]
[WhiteFideId "14140063"]
[BlackFideId "2026961"]
[WhiteElo "2487"]
[BlackElo "2639"]
[WhiteTeam "UKR"]
[BlackTeam "USA"]
[WhiteClock "0:00:11"]
[BlackClock "0:00:02"]

1. e4 c5 2. Nf3 d6 3. d4 cxd4 4. Nxd4 Nf6 5. Nc3 a6 6. f4 e5 7. Nf3 Nbd7 8. Bd3 Be7 9. O-O Qc7 10. a4 b6 11. Nh4 g6 12. f5 Bb7 13. Qe1 Rg8 14. Kh1 g5 15. Nf3 g4 16. Nd2 g3 17. h3 Nc5 18. Nc4 Rc8 19. Bd2 Bc6 20. b4 Nxd3 21. cxd3 Qb7 22. b5 Bd7 23. Be3 d5 24. exd5 e4 25. Nxb6 Rc7 26. bxa6 Qxa6 27. Nb5 Rc2 28. d6 Bd8 29. Nc7+ Bxc7 30. dxc7 Rxc7 31. Bd4 Rc6 32. Bxf6 Rxf6 33. Qxe4+ Kd8 34. Qd4 Qxb6 35. Qh4 h6 36. Rfb1 Qd6 37. Rb8+ Bc8 38. Rc1 Kd7 39. Rb4 Rxf5 40. Rd4 Rd5 41. Rcc4 Bb7 42. Rb4 Bc6 43. Rxd5 Bxd5 44. Qd4 Re8 45. Rb1 Bxg2+ 0-1

[Event "December 19 Early 2023"]
[Site "https://www.chess.com"]
[Date "2023.12.19"]
[Round "5"]
[White "Le, Tuan Minh"]
[Black "Klukin, Kirill"]
[Result "1/2-1/2"]
[Board "11"]
[TimeControl "180+1"]
[WhiteFideId "12401153"]
[BlackFideId "24199273"]
[WhiteElo "2561"]
[BlackElo "2348"]
[WhiteTeam "VIE"]
[BlackTeam "RUS"]
[WhiteClock "0:00:04"]
[BlackClock "0:00:05"]

1. d4 d5 2. Nf3 e6 3. Bf4 Bd6 4. e3 Ne7 5. Nbd2 Ng6 6. Bg3 b6 7. Bd3 Bb7 8. e4 dxe4 9. Bxe4 Bxe4 10. Nxe4 Bxg3 11. hxg3 Nd7 12. Qe2 Nf6 13. Nxf6+ gxf6 14. O-O O-O 15. c4 c6 16. Rad1 Qc7 17. d5 cxd5 18. cxd5 Rfe8 19. Qb5 Ne5 20. Nxe5 Qxe5 21. Rfe1 Qg5 22. Qa4 e5 23. d6 Red8 24. Re4 Qf5 25. Rg4+ Kh8 26. d7 b5 27. Qe4 Qxe4 28. Rxe4 a5 29. f4 Ra7 30. fxe5 fxe5 31. Rxe5 Raxd7 32. Rxd7 Rxd7 33. Rxb5 a4 34. a3 Rd2 35. Rb4 Kg7 36. g4 Kg6 37. Kh2 f6 38. Kg3 Rd3+ 39. Kh4 Rd2 40. Kh3 Rd3+ 41. Kh2 Rd2 42. Rxa4 Rxb2 43. Rb4 Ra2 44. Ra4 Rb2 45. Ra8 Kg5 46. Rg8+ Kf4 47. Rf8 Kg5 48. Rg8+ Kf4 49. a4 Ra2 50. Ra8 Kxg4 51. a5 h5 52. a6 Kf5 53. a7 Ra3 54. Kg1 Kf4 55. Kh2 f5 56. Kh1 h4 57. Kh2 Ra1 58. Rh8 Rxa7 59. Rxh4+ Kg5 60. Rb4 Re7 61. Kg3 1/2-1/2

[Event "December 19 Early 2023"]
[Site "https://www.chess.com"]
[Date "2023.12.19"]
[Round "5"]
[White "Suleymanli, Aydin"]
[Black "Durarbayli, Vasif"]
[Result "0-1"]
[Board "12"]
[TimeControl "180+1"]
[WhiteFideId "13413937"]
[BlackFideId "13402935"]
[WhiteElo "2553"]
[BlackElo "2551"]
[WhiteTeam "AZE"]
[BlackTeam "AZE"]
[WhiteClock "0:00:02"]
[BlackClock "0:00:26"]

1. e4 e5 2. Nf3 Nc6 3. Bb5 a6 4. Ba4 Nf6 5. O-O Be7 6. d3 b5 7. Bb3 O-O 8. Re1 Bb7 9. Nc3 d6 10. a3 Nb8 11. d4 Nbd7 12. h3 h6 13. g3 exd4 14. Nxd4 c5 15. Nf5 c4 16. Ba2 Nc5 17. f3 Re8 18. Be3 Bf8 19. Qd2 d5 20. Qf2 Qc8 21. Rad1 dxe4 22. Nd6 Bxd6 23. Rxd6 exf3 24. Rd4 Nce4 25. Nxe4 Nxe4 26. Qh2 Qf5 27. Rf1 f2+ 28. Bxf2 Ng5 0-1

[Event "December 19 Early 2023"]
[Site "https://www.chess.com"]
[Date "2023.12.19"]
[Round "5"]
[White "Alexandre, Anne Shopie Elizabeth"]
[Black "Ivic, Velimir"]
[Result "1/2-1/2"]
[Board "13"]
[TimeControl "180+1"]
[WhiteFideId "11902418"]
[BlackFideId "950122"]
[WhiteElo "2833"]
[BlackElo "2542"]
[WhiteTeam "HAI"]
[BlackTeam "SRB"]
[WhiteClock "0:00:45"]
[BlackClock "0:00:13"]

1. e4 c5 2. Nf3 Nc6 3. d4 cxd4 4. Nxd4 Nf6 5. Nc3 e5 6. Ndb5 d6 7. Bg5 a6 8. Na3 b5 9. Nd5 Be7 10. Bxf6 Bxf6 11. c3 Rb8 12. Nc2 Bg5 13. g3 O-O 14. h4 Bh6 15. Bh3 Bb7 16. O-O g6 17. a4 Ne7 18. Ncb4 Nxd5 19. Nxd5 Kh8 20. axb5 axb5 21. Qd3 f5 22. Bg2 f4 23. Qxb5 Ba8 24. Qe2 Bxd5 25. exd5 fxg3 26. fxg3 Qb6+ 27. Kh2 Qxb2 28. Rxf8+ Bxf8 29. Qxb2 Rxb2 30. Ra8 Kg7 31. Ra7+ Kg8 32. Kh3 Rc2 33. Rc7 Bh6 34. Bf3 Be3 35. Bg4 h5 36. Be6+ Kf8 37. Rc8+ Ke7 38. Rc7+ Ke8 39. Rc8+ Ke7 40. Rc7+ Kf8 41. Rc8+ Kg7 42. Rc7+ Kh6 43. g4 hxg4+ 44. Kxg4 Bb6 45. Rc6 Bc5 46. Rc7 Rxc3 47. Bg8 Rc4+ 48. Kh3 g5 49. Rh7+ Kg6 50. h5+ Kf5 51. Rf7+ Ke4 52. Bh7+ Kxd5 53. Bg8 Rh4+ 54. Kg3 Kd4 55. Rh7 e4 56. Be6 e3 57. Bg4 Bb4 58. Re7 d5 59. Re6 Ba5 60. h6 Bc7+ 61. Kf3 Bf4 62. Bf5 Be5 63. Bg4 Bh8 64. Ra6 Ke5 65. Re6+ Kd4 66. Ra6 Kc5 67. Ra5+ Kc6 68. Ra6+ Kc5 69. Ra5+ Kd6 70. Ra6+ Kc7 71. Re6 d4 72. Kg3 d3 73. Rxe3 d2 74. Rd3 Be5+ 75. Kf3 Rxh6 76. Rxd2 Bf4 77. Rd7+ Kc6 78. Rd3 Kc5 79. Rd7 Ra6 80. Bf5 Ra3+ 81. Kg4 Rg3+ 82. Kh5 Kc6 83. Rd1 Kc5 84. Bg4 Kc4 85. Rd7 Kc3 86. Rd8 Be5 87. Kxg5 Bd4 88. Rc8+ Kd2 89. Kf5 Rc3 90. Rxc3 Bxc3 1/2-1/2

[Event "December 19 Early 2023"]
[Site "https://www.chess.com"]
[Date "2023.12.19"]
[Round "5"]
[White "Terry, Renato"]
[Black "Yanchenko, Roman"]
[Result "1-0"]
[Board "14"]
[TimeControl "180+1"]
[WhiteFideId "3803457"]
[BlackFideId "4137329"]
[WhiteElo "2578"]
[BlackElo "2478"]
[WhiteTeam "PER"]
[BlackTeam "RUS"]
[WhiteClock "0:00:43"]
[BlackClock "0:00:08"]

1. c4 e6 2. Nf3 d5 3. e3 Nf6 4. b3 Bd6 5. Bb2 O-O 6. Be2 Nbd7 7. O-O h6 8. Qc2 c5 9. cxd5 Nxd5 10. Nc3 Nxc3 11. dxc3 b6 12. Rad1 Qc7 13. c4 Bb7 14. Qd2 Bxf3 15. Bxf3 Bxh2+ 16. Kh1 Rad8 17. g3 Bxg3 18. fxg3 Qxg3 19. Qg2 Qh4+ 20. Qh2 Qxh2+ 21. Kxh2 Nf6 22. Rg1 Kh8 23. Rxg7 e5 24. Rxf7 Rxd1 25. Rxf8+ Kg7 26. Bxd1 Kxf8 27. Bxe5 Ne4 28. Bc2 Ng5 29. Bb8 1-0

[Event "December 19 Early 2023"]
[Site "https://www.chess.com"]
[Date "2023.12.19"]
[Round "5"]
[White "Finek, Vaclav"]
[Black "Demchenko, Anton"]
[Result "1-0"]
[Board "15"]
[TimeControl "180+1"]
[WhiteFideId "23718293"]
[BlackFideId "4160258"]
[WhiteElo "2309"]
[BlackElo "2545"]
[WhiteTeam "CZE"]
[BlackTeam "SLO"]
[WhiteClock "0:00:49"]
[BlackClock "0:00:17"]

1. Nf3 Nf6 2. g3 g6 3. Bg2 Bg7 4. O-O O-O 5. d4 d6 6. c4 Nbd7 7. Nc3 e5 8. e4 exd4 9. Nxd4 Nc5 10. h3 Re8 11. Re1 a5 12. Qc2 a4 13. Be3 c6 14. Rad1 Nfd7 15. b4 axb3 16. axb3 Qb6 17. Rb1 Qb4 18. Red1 Ra3 19. Na2 Qa5 20. Nc1 Na6 21. Qe2 Nb4 22. Nc2 Nxc2 23. Qxc2 Re6 24. b4 Qh5 25. Nd3 Re8 26. Nf4 Qe5 27. Bd4 Qe7 28. Bxg7 Ne5 29. Bxe5 dxe5 30. Nd3 h5 31. Ra1 Rxa1 32. Rxa1 h4 33. g4 Be6 34. Qc3 f6 35. Nc5 Bf7 36. Ra7 Rd8 37. Rxb7 Rd1+ 38. Kh2 Qd8 39. g5 Rb1 40. Nd7 Qa8 41. Rb8+ Qxb8 42. Nxb8 fxg5 43. Nxc6 1-0

[Event "December 19 Early 2023"]
[Site "https://www.chess.com"]
[Date "2023.12.19"]
[Round "5"]
[White "Yeremyan, Alen"]
[Black "Kukhmazov, Arsen"]
[Result "1-0"]
[Board "16"]
[TimeControl "180+1"]
[WhiteFideId "13308998"]
[BlackFideId "24108260"]
[WhiteElo "2160"]
[BlackElo "2397"]
[WhiteTeam "ARM"]
[BlackTeam "FID"]
[WhiteClock "0:00:33"]
[BlackClock "0:00:00"]

1. e4 c6 2. Nc3 d5 3. Qe2 d4 4. Nd1 e5 5. d3 c5 6. g3 Nc6 7. Bg2 Bd6 8. f4 exf4 9. gxf4 Qc7 10. e5 Be7 11. Nf3 Nh6 12. Nf2 Nf5 13. O-O a5 14. Ne4 Ra6 15. Nfd2 O-O 16. Nc4 b5 17. Na3 Rb6 18. Bd2 a4 19. Rae1 Be6 20. Ng5 Bxa2 21. Qh5 h6 22. Ne4 Be6 23. Bh3 g6 24. Qe2 Nb4 25. c4 bxc4 26. Nxc4 Rbb8 27. Ned6 Qd7 28. Nxf5 Bxf5 29. e6 Bxe6 30. f5 Bxc4 31. dxc4 Bg5 32. Bxg5 hxg5 33. Qg2 d3 34. Qxg5 Qd4+ 35. Kh1 Rb6 36. f6 d2 37. Rd1 Qxb2 38. Rxd2 Qc3 39. Bg2 a3 40. Rdf2 Qd3 41. Rf3 Qd2 42. Qxd2 1-0

[Event "December 19 Early 2023"]
[Site "https://www.chess.com"]
[Date "2023.12.19"]
[Round "5"]
[White "Samunenkov, Ihor"]
[Black "Liascovich, Lucas"]
[Result "0-1"]
[Board "17"]
[TimeControl "180+1"]
[WhiteFideId "14187086"]
[BlackFideId "108634"]
[WhiteElo "2473"]
[BlackElo "2455"]
[WhiteTeam "UKR"]
[BlackTeam "ARG"]
[WhiteClock "0:00:00"]
[BlackClock "0:01:15"]

1. d4 d5 2. Nc3 Nf6 3. Bf4 a6 4. e3 c5 5. dxc5 Nc6 6. a3 e5 7. Bg5 Be6 8. b4 Be7 9. Nf3 O-O 10. Be2 d4 11. exd4 exd4 12. Na4 Ne4 13. Bxe7 Qxe7 14. O-O Rad8 15. Bd3 f5 16. Re1 Qf6 17. Qc1 h6 18. Nd2 Bd5 19. Nb6 Nc3 20. Nxd5 Nxd5 21. Nc4 Rfe8 22. Qd2 Rf8 23. Nd6 b5 24. Nxf5 Ne5 25. Ng3 Ng4 26. Ne4 Qh4 27. h3 Ne5 28. Ng3 Nc4 29. Bxc4 bxc4 30. Re4 Nf4 31. Rd1 d3 32. cxd3 cxd3 33. c6 Qg5 34. c7 Rc8 35. Qa2+ Kh8 36. Qc4 Qf6 37. Rd2 Qd6 38. Rd4 Qf6 39. R4xd3 Nxd3 40. Qxd3 Rxc7 41. Ne4 Rc1+ 42. Kh2 Qe5+ 43. g3 Qa1 0-1

[Event "December 19 Early 2023"]
[Site "https://www.chess.com"]
[Date "2023.12.19"]
[Round "5"]
[White "Matinian, Nikita"]
[Black "Svane, Frederik"]
[Result "0-1"]
[Board "18"]
[TimeControl "180+1"]
[WhiteFideId "24129100"]
[BlackFideId "12923044"]
[WhiteElo "2417"]
[BlackElo "2502"]
[WhiteTeam "FID"]
[BlackTeam "GER"]
[WhiteClock "0:00:00"]
[BlackClock "0:00:20"]

1. e4 c5 2. Nc3 e6 3. d4 cxd4 4. Qxd4 Nc6 5. Qe3 a6 6. Nf3 b5 7. Bd2 Bb7 8. O-O-O Nge7 9. h4 Rc8 10. h5 h6 11. Kb1 b4 12. Nd5 d6 13. Nxb4 Nxb4 14. Bxb4 Qc7 15. c3 Nc6 16. Ba3 Be7 17. Rh3 O-O 18. Rg3 Kh8 19. Bd3 Na5 20. e5 Bxf3 21. Rxf3 d5 22. Bxe7 Qxe7 23. Rf6 Nc4 24. Rxh6+ Kg8 25. Qf4 gxh6 26. Qxh6 f6 27. Bc2 Qg7 0-1

[Event "December 19 Early 2023"]
[Site "https://www.chess.com"]
[Date "2023.12.19"]
[Round "5"]
[White "Chigaev, Maksim"]
[Black "Maurizzi, Marc`Andria"]
[Result "1-0"]
[Board "19"]
[TimeControl "180+1"]
[WhiteFideId "4108116"]
[BlackFideId "36083534"]
[WhiteElo "2561"]
[BlackElo "2417"]
[WhiteTeam "ESP"]
[BlackTeam "FRA"]
[WhiteClock "0:00:05"]
[BlackClock "0:00:00"]

1. e4 c6 2. d4 d5 3. e5 c5 4. c3 Nc6 5. Be3 cxd4 6. cxd4 Bf5 7. Nc3 e6 8. Bd3 Bxd3 9. Qxd3 Nge7 10. Nge2 Nf5 11. O-O Be7 12. Ng3 Nxg3 13. fxg3 O-O 14. a3 Rc8 15. Rf4 Bg5 16. Rg4 Bxe3+ 17. Qxe3 f5 18. exf6 Qxf6 19. Re1 Rce8 20. h3 e5 21. Nxd5 Qf7 22. Qg5 Kh8 23. dxe5 h6 24. Qd2 Rd8 25. Rf4 Qg6 26. Rxf8+ Rxf8 27. Qe3 Rf5 28. Nf4 Qg5 29. Nd3 Qe7 30. e6 Rf6 31. Kh2 Nd8 32. Nf4 Qe8 33. Qe5 Nc6 34. Qd6 Kh7 35. Re2 Ne7 36. Qd3+ Kh8 37. Qd7 Qf8 38. Nd5 Nxd5 39. Qxd5 Qe8 40. e7 Rc6 41. Qd8 1-0

[Event "December 19 Early 2023"]
[Site "https://www.chess.com"]
[Date "2023.12.19"]
[Round "5"]
[White "Cristobal, Manuel"]
[Black "Steinberg, Nitzan"]
[Result "0-1"]
[Board "20"]
[TimeControl "180+1"]
[WhiteFideId "112879"]
[BlackFideId "2801795"]
[WhiteElo "2244"]
[BlackElo "2486"]
[WhiteTeam "ARG"]
[BlackTeam "ISR"]
[WhiteClock "0:00:00"]
[BlackClock "0:00:04"]

1. d4 d5 2. Nf3 Nf6 3. e3 e6 4. Bd3 c5 5. O-O Nc6 6. b3 b6 7. Bb2 Bb7 8. a3 Be7 9. Nbd2 O-O 10. Ne5 Rc8 11. f4 g6 12. Rf3 Nxe5 13. fxe5 Ne4 14. Bxe4 dxe4 15. Rh3 cxd4 16. Bxd4 Bc5 17. c3 Bxd4 18. cxd4 Bd5 19. Qg4 f5 20. exf6 Qxf6 21. Qh4 Qxh4 22. Rxh4 Rc2 23. Nxe4 Re2 24. Rf1 Rxf1+ 25. Kxf1 Rxe3 26. Nf6+ Kg7 27. Nxh7 Rxb3 28. Ng5 Kf6 29. Nh7+ Kg7 30. Ng5 Kf6 31. Nh7+ Kf5 32. g3 g5 33. Rh5 Kg4 34. Rxg5+ Kf3 35. Ke1 Ke3 36. Kd1 Be4 0-1

[Event "December 19 Early 2023"]
[Site "https://www.chess.com"]
[Date "2023.12.19"]
[Round "5"]
[White "Sahib Singh"]
[Black "Kamsky, Gata"]
[Result "0-1"]
[Board "21"]
[TimeControl "180+1"]
[WhiteFideId "25618342"]
[BlackFideId "2000024"]
[WhiteElo "2130"]
[BlackElo "2660"]
[WhiteTeam "IND"]
[BlackTeam "USA"]
[WhiteClock "0:00:00"]
[BlackClock "0:01:07"]

1. e4 c5 2. Nf3 Nc6 3. d4 cxd4 4. Nxd4 Qb6 5. Nb3 Nf6 6. Nc3 e6 7. Qe2 Qc7 8. g3 a6 9. Bg2 d6 10. O-O Be7 11. f4 b5 12. Be3 Bb7 13. Rad1 O-O 14. h3 b4 15. Na4 Nd7 16. Qf2 a5 17. Nb6 Nxb6 18. Bxb6 Qb8 19. Nd4 Ra6 20. Nxc6 Bxc6 21. Bd4 e5 22. fxe5 dxe5 23. Bc5 Qc7 24. Kh2 Bb5 25. Bxe7 Qxe7 26. Rfe1 Bc4 27. b3 Be6 28. Bf1 Rc6 29. Bb5 Rc5 30. Bd3 h5 31. Qf3 g6 32. Rd2 Kg7 33. Qe3 Rc7 34. Rf2 Qc5 35. Qe2 a4 36. Ref1 a3 37. Qd2 f6 38. Rf3 Qd4 39. Qf2 Qxf2+ 40. R3xf2 Rd7 41. Kg2 Rd6 42. Rf3 Bc8 43. Kg1 Bxh3 44. R1f2 Bg4 45. Re3 Be6 46. Ref3 Bc8 47. Rh2 Rfd8 48. Rhf2 Ba6 49. Bxa6 Rxa6 50. c3 bxc3 51. Rxc3 g5 52. Rc7+ Kg6 53. Rc4 g4 54. Rfc2 Rad6 55. Kf2 Rd3 56. b4 Rf3+ 57. Kg2 Rdd3 58. b5 Rxg3+ 59. Kf1 Rd1+ 60. Ke2 Rb1 61. Rc5 Rg2+ 62. Kd3 Rxc2 63. Kxc2 Rb2+ 64. Kc3 g3 65. Rc8 Kg7 66. Rc7+ Kh6 67. Rf7 Kg6 68. Rf8 h4 69. Rg8+ Kf7 70. Rg4 g2 71. b6 h3 0-1

[Event "December 19 Early 2023"]
[Site "https://www.chess.com"]
[Date "2023.12.19"]
[Round "5"]
[White "Sharapov, Evgeny"]
[Black "Kravtsiv, Martyn"]
[Result "0-1"]
[Board "22"]
[TimeControl "180+1"]
[WhiteFideId "14103133"]
[BlackFideId "14113147"]
[WhiteElo "2358"]
[BlackElo "2689"]
[WhiteTeam "UKR"]
[BlackTeam "UKR"]
[WhiteClock "0:02:27"]
[BlackClock "0:02:15"]

1. e4 e5 2. Nf3 Nc6 3. Bb5 a6 4. Ba4 Nf6 5. d3 Bc5 6. O-O d6 7. h3 O-O 8. c3 Ba7 9. Nbd2 Ne7 10. Re1 Ng6 11. Nf1 c6 12. Be3 Re8 13. Bxa7 Rxa7 14. Ng3 h6 15. Bb3 d5 16. Qe2 b6 17. Rad1 Rae7 18. Qe3 Qc7 19. Nf5 Bxf5 20. exf5 Nf4 21. g3 Nxh3+ 22. Kh2 Ng4+ 0-1

[Event "December 19 Early 2023"]
[Site "https://www.chess.com"]
[Date "2023.12.19"]
[Round "5"]
[White "Liyanage, Ranindu Dilshan"]
[Black "Nihal Sarin"]
[Result "0-1"]
[Board "23"]
[TimeControl "180+1"]
[WhiteFideId "9915834"]
[BlackFideId "25092340"]
[WhiteElo "2198"]
[BlackElo "2689"]
[WhiteTeam "SRI"]
[BlackTeam "IND"]
[WhiteClock "0:00:07"]
[BlackClock "0:03:12"]

1. e4 g6 2. d4 Bg7 3. Nc3 d6 4. f4 Nc6 5. Be3 Nf6 6. Be2 O-O 7. d5 Nb8 8. Nf3 c6 9. Qd2 b5 10. a3 a6 11. O-O Bb7 12. Rad1 cxd5 13. exd5 Nbd7 14. Nh4 Nb6 15. Bf3 Nc4 16. Qc1 Nxe3 17. Qxe3 Rc8 18. Kh1 Re8 19. f5 Nd7 20. fxg6 hxg6 21. Be4 Ne5 22. Qg3 Rc4 23. Rde1 b4 24. axb4 Rxb4 25. Rf2 Rf8 26. Ref1 a5 27. b3 Ba6 28. Re1 Qc7 29. Nb1 a4 30. bxa4 Rxa4 31. Nd2 Qa5 32. Rd1 Ra1 33. Bf3 Rxd1+ 34. Bxd1 Qa1 0-1

[Event "December 19 Early 2023"]
[Site "https://www.chess.com"]
[Date "2023.12.19"]
[Round "5"]
[White "Harshavardhan G B"]
[Black "So, Wesley"]
[Result "0-1"]
[Board "24"]
[TimeControl "180+1"]
[WhiteFideId "25059009"]
[BlackFideId "5202213"]
[WhiteElo "2290"]
[BlackElo "2767"]
[WhiteTeam "IND"]
[BlackTeam "USA"]
[WhiteClock "0:00:09"]
[BlackClock "0:00:37"]

1. d4 Nf6 2. c4 e6 3. Nc3 d5 4. cxd5 exd5 5. Bg5 c6 6. e3 h6 7. Bh4 Be7 8. Bd3 O-O 9. Nge2 Re8 10. O-O a5 11. Qc2 Nbd7 12. Rae1 Nh5 13. Bxe7 Rxe7 14. Ng3 Nxg3 15. hxg3 Nf6 16. f3 h5 17. Qd2 Qd6 18. Qf2 Bd7 19. Ne2 Rae8 20. Nf4 a4 21. a3 b6 22. Bb1 c5 23. Qc2 g6 24. Kf2 Bb5 25. Rh1 cxd4 26. exd4 Rxe1 27. Rxe1 Rxe1 28. Kxe1 g5 29. Nxh5 Nxh5 30. Qh7+ Kf8 31. Qxh5 Qxg3+ 32. Kd1 Ke7 33. Qh8 Qf4 34. Bc2 Qe3 35. Bf5 Qg1+ 36. Kc2 Qxg2+ 37. Kc1 Qf1+ 38. Kc2 Qe2+ 39. Kc1 Bc4 40. Qb8 Qe1+ 41. Kc2 Bb3+ 42. Kd3 Qb1+ 43. Kc3 Qxf5 44. Qc7+ Kf8 45. Qxb6 Kg7 46. Kb4 Qxf3 47. Qd6 g4 48. Qe5+ Qf6 49. Qg3 Qb6+ 50. Kc3 Qc6+ 51. Kd2 Qc2+ 52. Ke3 Qe4+ 53. Kf2 Qxd4+ 54. Kg2 Qxb2+ 55. Kh1 Qe2 56. Qd6 Qf3+ 57. Kg1 Qe3+ 58. Kg2 d4 59. Kh2 d3 60. Kg2 d2 61. Qg3 Qxg3+ 62. Kh1 d1=Q# 0-1

[Event "December 19 Early 2023"]
[Site "https://www.chess.com"]
[Date "2023.12.19"]
[Round "5"]
[White "Bardyk, Artem"]
[Black "Pranav, V"]
[Result "1-0"]
[Board "25"]
[TimeControl "180+1"]
[WhiteFideId "34349979"]
[BlackFideId "25060783"]
[WhiteElo "2300"]
[BlackElo "2562"]
[WhiteTeam "RUS"]
[BlackTeam "IND"]
[WhiteClock "0:00:05"]
[BlackClock "0:00:04"]

1. e4 e5 2. d4 exd4 3. Qxd4 Nc6 4. Qd3 Nf6 5. Nc3 Bb4 6. Bd2 O-O 7. Nge2 Re8 8. O-O-O d6 9. Bg5 h6 10. Bxf6 Qxf6 11. Nd5 Qd8 12. Nxb4 Nxb4 13. Qd2 a5 14. a3 Nc6 15. Nc3 Be6 16. f4 Rb8 17. Rg1 Bg4 18. Re1 Na7 19. h3 Bd7 20. g4 g6 21. g5 h5 22. Nd5 Re6 23. Qc3 Nc6 24. Bc4 b5 25. Bb3 b4 26. axb4 axb4 27. Nf6+ Kh8 28. Qe3 Ra8 29. Bxe6 Bxe6 30. Kd2 b3 31. Ra1 Ne5 32. fxe5 Rb8 33. Qd4 c5 34. Qc3 Rb4 35. Rg3 Rc4 36. Qe3 dxe5+ 37. Ke1 Kg7 38. cxb3 Rd4 39. Qe2 Qb6 40. Rd1 Qb4+ 41. Kf1 Bxb3 42. Rxd4 cxd4 43. Kf2 Bc4 44. Qc2 Be6 45. Ne8+ Kf8 46. Nf6 Kg7 47. Ra3 d3 48. Rxd3 Qb6+ 49. Re3 Qd4 50. Qc3 Qd1 51. Qxe5 Qd2+ 52. Re2 Qc1 53. Nxh5+ Kf8 54. Qd6+ Kg8 55. Qd8+ Kh7 56. Nf6+ Kg7 57. Qg8# 1-0